 Dungeon Crawl Stone Soup version 0.30-a0-313-gae38170b09 (webtiles) character file.

Game seed: 16268789210141349175

49 Powertoast the Slasher (level 3, 27/27 HPs)
             Began as a Merfolk Gladiator on Oct 27, 2022.
             Quit the game on level 2 of the Dungeon.
             The game lasted 00:02:55 (848 turns).

Powertoast the Slasher (Merfolk Gladiator)           Turns: 848, Time: 00:02:56

Health: 27/27      AC:  4    Str: 20    XL:     3   Next: 75%
Magic:  3/3        EV: 13    Int:  7    God:
Gold:   32         SH:  0    Dex: 17    Spells: 2/2 levels left

rFire   . . .      SeeInvis .    a - +0 long sword
rCold   . . .      Faith    .    (no shield)
rNeg    . . .      Spirit   .    b - +0 leather armour
rPois   .          Reflect  .    c - +0 helmet
rElec   .          Harm     .    (no cloak)
rCorr   .          Rampage  .    (no gloves)
Will    .....                    (no boots)
Stlth   +.........               (no amulet)
HPRegen 0.24/turn                h - +6 ring of strength
MPRegen 0.08/turn                (no ring)

@: no status effects
A: (nimble swimmer 2), mertail
a: no special abilities


You were on level 2 of the Dungeon.
You visited 1 branch of the dungeon, and saw 2 of its levels.

You collected 32 gold pieces.

Inventory:

Hand Weapons
 a - a +0 long sword (weapon)
Missiles
 d - 3 throwing nets (quivered)
 e - a javelin
Armour
 b - a +0 leather armour (worn)
 c - a +0 helmet (worn)
Jewellery
 h - a +6 ring of strength (left hand)
Scrolls
 f - a scroll of fear {unknown}
 i - a scroll of brand weapon {unknown}
 m - a scroll of silence {unknown}
Potions
 g - 2 potions of flight {unknown}
 j - 2 potions of attraction {unknown}
 k - a potion of degeneration {unknown}
 l - a potion of heal wounds {unknown}


   Skills:
 - Level 2.1 Fighting
 + Level 5.5 Long Blades
 - Level 2.0 Throwing
 - Level 4.0 Dodging


You had 2 spell levels left.
You didn't know any spells.
Your spell library contained the following spells:

 Spells                   Type           Power      Damage    Failure   Level
 Apportation              Tloc           0%         N/A       50%         1
 Necrotise                Necr           0%         1d4       50%         1
 Summon Small Mammal      Summ           0%         N/A       50%         1
 Inner Flame              Hex/Fire       0%         N/A       86%         3
 Cause Fear               Hex            0%         N/A       99%         4
 Discord                  Hex            0%         N/A       100%        8


Dungeon Overview and Level Annotations

Branches:
Dungeon (2/15)

Altars:


Innate Abilities, Weirdness & Mutations

((You are very nimble when in or above water. (Stealth+, EV+, Speed+++)))
Your lower body shifts to a powerful aquatic tail in water.


Message History

You are poisoned.
The adder poisons you!
You slash the adder!
You kill the adder!
You feel sick. The bat misses you.
You closely miss the bat.
You feel sick. The bat hits you but does no damage.
The bat completely misses you.
You closely miss the bat.
You feel sick. The bat closely misses you. x2
The bat hits you but does no damage.
You hit the bat.
The bat is moderately wounded.
You feel sick. The bat barely misses you. The bat hits you but does no damage.
You closely miss the bat.
The bat is moderately wounded.
You feel sick. The bat closely misses you.
You closely miss the bat.
You feel sick.
You are no longer poisoned.
The bat closely misses you. The bat hits you but does no damage.
The bat barely misses you.
You barely miss the bat. The bat hits you but does no damage.
The bat closely misses you.
You hit the bat.
The bat is severely wounded.
The bat hits you but does no damage. The bat barely misses you.
You hit the bat but do no damage.
The bat is severely wounded.
The bat closely misses you. The bat misses you.
You hit the bat.
You kill the bat!
No target in view!
No target in view!
You now have 32 gold pieces (gained 6).
m - a scroll labelled GEHAYFILUF
Found 5 stones.
Found a stone staircase leading down.
No target in view!
No target in view!
No target in view!
No target in view!
Are you sure you want to abandon this character and quit the game? (Confirm with "yes".)

##.....######## .#
#.##..# ####..#
#.##..# ##..†.#
##.##..#####..####
#..###....†..## #.##
#.###..## . #.
#.#.....##
....##.####...###..#
#....@....### ##.###
###..####......#...#
..... #.####...#.###
#####. #.# ###......
#( #.# ####... #>
..# ###. #. .## ##
.. .


There were no monsters in sight!

Vanquished Creatures
  2 adders (D:2)
  A dart slug (D:1)
  3 bats
  An endoplasm (D:1)
  A giant cockroach (D:1)
  3 goblins
  2 hobgoblins
  2 quokkas (D:1)
  7 ball pythons
  2 frilled lizards (D:2)
  2 kobolds (D:1)
  2 rats
28 creatures vanquished.

Notes
Turn   | Place    | Note
-------+----------+-------------------------------------------
     0 | D:1      | Powertoast the Merfolk Gladiator began the quest for the
                  | Orb.
     0 | D:1      | Reached XP level 1. HP: 16/16 MP: 1/1
    27 | D:1      | Reached skill level 4 in Long Blades
   151 | D:1      | Reached XP level 2. HP: 16/22 MP: 2/2
   680 | D:2      | Reached XP level 3. HP: 27/27 MP: 3/3
   688 | D:2      | Reached skill level 5 in Long Blades
   848 | D:2      | Quit the game

Illustrated notes

Levels and vault maps discovered:
D:1:      elethiomel_arrival_quiet, layout_basic
D:2:      layout_rooms

Skill      XL: |  1  2  3 |
---------------+----------+-----
Long Blades    | 4 5 |  5.5
Fighting       | |  2.1
Throwing       | |  2.0
Dodging        | |  4.0

Action                   || total
-------------------------++-------
Melee: Long sword        ||    88
 Stab: Sleeping          ||     3
Armor: Leather armour    ||    34
Dodge: Dodged            ||    70

Table legend: (Time is in decaauts)
 A = Elapsed time spent in this place.
 B = Non-inter-level travel time spent in this place.
 C = Inter-level travel time spent in this place.
 D = Time resting spent in this place.
 E = Time spent auto-exploring this place.
 F = Levels seen in this place.
 G = Mean time per level.
                   A        B        C        D        E       F      G
               +--------+--------+--------+--------+--------+-----+--------+
         Total |    861 |    816 |     45 |      0 |    609 |   2 |  430.5 |
       Dungeon |    861 |    816 |     45 |      0 |    609 |   2 |  430.5 |
               +--------+--------+--------+--------+--------+-----+--------+

Top non-repeatable levels by time:
     D:1: 644 daAuts
     D:2: 216 daAuts
